[Event "Irish New Year-IM 2022"]
[Site "Dublin"]
[Date "2022.01.02"]
[Round "1.6"]
[White "Urh, Zala"]
[Black "Baker, Chris W"]
[Result "1-0"]
[ECO "A84"]
[WhiteElo "2291"]
[BlackElo "2227"]
[Annotator "ChessBase"]
[PlyCount "45"]
[EventDate "2022.01.02"]
[EventType "tourn"]
[EventCountry "IRL"]
[SourceTitle "playchess.com"]
[Source "ChessBase"]
[SourceQuality "1"]
[TimeControl "5400+30"]

1. d4 e6 2. c4 f5 3. Bf4 Nf6 4. Nf3 d6 5. Nc3 Be7 6. e3 O-O 7. Bd3 Nh5 8. h3 Qe8 9. Qc2 Nc6 10. a3 Bf6 11. Bh2 e5 12. g4 Nf4 13. exf4 e4 14. Nxe4 fxe4 15. Bxe4 Nxd4 16. Nxd4 Bxd4 17. O-O-O c5 18. Bxh7+ Kh8 19. Rhe1 Qf7 20. Bg6 Qf6 21. g5 Bxb2+ 22. Kb1 Qc3 23. Qxb2 1-0

[Event "Irish New Year-IM 2022"]
[Site "Dublin"]
[Date "2022.01.02"]
[Round "1.7"]
[White "Wafa, Shrook"]
[Black "Daly, Colm"]
[Result "1/2-1/2"]
[ECO "B40"]
[WhiteElo "2173"]
[BlackElo "2285"]
[Annotator "ChessBase"]
[PlyCount "61"]
[EventDate "2022.01.02"]
[EventType "tourn"]
[EventCountry "IRL"]
[SourceTitle "playchess.com"]
[Source "ChessBase"]
[SourceQuality "1"]
[TimeControl "5400+30"]

1. e4 c5 2. Nf3 e6 3. d4 cxd4 4. Nxd4 Nc6 5. Nxc6 bxc6 6. c4 Nf6 7. Bd3 d5 8. Nd2 Be7 9. O-O O-O 10. Qe2 a5 11. Rd1 a4 12. Nf3 Bb7 13. Bf4 Qb6 14. e5 Nd7 15. cxd5 cxd5 16. Rac1 Rfc8 17. Ng5 h6 18. Nf3 Nc5 19. Be3 Qa5 20. Bxc5 Bxc5 21. Rc2 Rc7 22. Rdc1 Rac8 23. h3 Qb6 24. Rc3 a3 25. Rb3 Bxf2+ 26. Kh2 Qa7 27. Rxc7 Rxc7 28. Rxa3 Qb6 29. Rb3 Qa7 30. Ra3 Qb6 31. Rb3 1/2-1/2

[Event "Irish New Year-IM 2022"]
[Site "Dublin"]
[Date "2022.01.02"]
[Round "1.8"]
[White "O`Donnell, Conor"]
[Black "Flynn, Jacob"]
[Result "1/2-1/2"]
[ECO "C26"]
[WhiteElo "2310"]
[BlackElo "2149"]
[Annotator "ChessBase"]
[PlyCount "85"]
[EventDate "2022.01.02"]
[EventType "tourn"]
[EventCountry "IRL"]
[SourceTitle "playchess.com"]
[Source "ChessBase"]
[SourceQuality "1"]
[TimeControl "5400+30"]

1. e4 e5 2. Nc3 Nf6 3. d4 exd4 4. Qxd4 Nc6 5. Qd3 g6 6. Bg5 Bg7 7. O-O-O h6 8. Bh4 g5 9. Bg3 Nh5 10. Nge2 d6 11. Nd5 O-O 12. h4 Nxg3 13. Nxg3 gxh4 14. Nf5 Bxf5 15. exf5 Ne5 16. Qd4 c6 17. f6 Bxf6 18. Nxf6+ Qxf6 19. f4 Ng4 20. Qxf6 Nxf6 21. Rxd6 Kg7 22. Rd1 Rfe8 23. Rxh4 Re3 24. Bd3 Rg3 25. Rg1 Re8 26. b4 Nd5 27. a3 Re6 28. Kd2 Rf6 29. f5 Ne7 30. Rh3 Rg5 31. g4 Nxf5 32. Rf1 Ne7 33. Rxf6 Kxf6 34. Rxh6+ Ke5 35. Rh7 Kf6 36. Rh6+ Ke5 37. Rh7 Kf6 38. Bc4 Nd5 39. Be2 Nf4 40. Bf3 Ng6 41. Ke3 Ne5 42. Rh6+ Kg7 43. Rh1 1/2-1/2

[Event "Irish New Year-IM 2022"]
[Site "Dublin"]
[Date "2022.01.02"]
[Round "1.9"]
[White "Wall, Tim P"]
[Black "Carroll, Peter"]
[Result "1-0"]
[ECO "D00"]
[WhiteElo "2256"]
[BlackElo "2139"]
[Annotator "ChessBase"]
[PlyCount "65"]
[EventDate "2022.01.02"]
[EventType "tourn"]
[EventCountry "IRL"]
[SourceTitle "playchess.com"]
[Source "ChessBase"]
[SourceQuality "1"]
[TimeControl "5400+30"]

1. d4 Nf6 2. Bg5 d5 3. Bxf6 gxf6 4. e3 c5 5. dxc5 e6 6. Nf3 Bxc5 7. c4 dxc4 8. Nbd2 c3 9. bxc3 Nd7 10. Qc2 b6 11. Bd3 Bb7 12. O-O Qe7 13. Be4 Bxe4 14. Qxe4 O-O 15. Qh4 Rac8 16. Rad1 f5 17. Ng5 f6 18. Ngf3 Ne5 19. e4 Ng6 20. Qh6 f4 21. Nb3 Rfd8 22. Nbd4 Bxd4 23. cxd4 Rc2 24. Ra1 Rdc8 25. h4 Qg7 26. Qh5 Kh8 27. Qg4 Rg8 28. Rfc1 Rb2 29. Rc6 f5 30. exf5 Qd7 31. Rxe6 Nf8 32. Ng5 Rxf2 33. Rae1 1-0

[Event "Irish New Year-IM 2022"]
[Site "Dublin"]
[Date "2022.01.03"]
[Round "2.8"]
[White "Melaugh, Shane"]
[Black "Wall, Tim P"]
[Result "1/2-1/2"]
[ECO "A21"]
[WhiteElo "2192"]
[BlackElo "2256"]
[Annotator "ChessBase"]
[PlyCount "87"]
[EventDate "2022.01.02"]
[EventType "tourn"]
[EventCountry "IRL"]
[SourceTitle "playchess.com"]
[Source "ChessBase"]
[SourceQuality "1"]
[TimeControl "5400+30"]

1. c4 e5 2. Nc3 Bb4 3. g3 Bxc3 4. bxc3 d6 5. Bg2 Nc6 6. d3 f5 7. f4 Nf6 8. Nh3 O-O 9. Rb1 Qe7 10. O-O e4 11. Nf2 Kh8 12. h3 Na5 13. Ba3 c5 14. Qc2 Re8 15. Bc1 b6 16. Nd1 Bb7 17. Ne3 Qd7 18. Bd2 Re7 19. Rbe1 Rae8 20. Kh2 g6 21. Nd5 Rf7 22. Bc1 Kg8 23. Rd1 Nxd5 24. cxd5 Bxd5 25. c4 exd3 26. exd3 Bxg2 27. Qxg2 Qb7 28. Rf3 Rfe7 29. Rdf1 d5 30. g4 Qd7 31. cxd5 Qxd5 32. R1f2 Nc6 33. gxf5 Qxf5 34. Rg3 Nd4 35. Rg5 Qf7 36. f5 Re2 37. Kg1 Rxf2 38. Qxf2 Ne2+ 39. Kh2 Nxc1 40. Qg3 Qxa2+ 41. Kh1 Qd5+ 42. Kh2 Qxd3 43. Rxg6+ hxg6 44. Qxg6+ 1/2-1/2

[Event "Irish New Year-IM 2022"]
[Site "Dublin"]
[Date "2022.01.03"]
[Round "2.10"]
[White "Urh, Zala"]
[Black "Wafa, Shrook"]
[Result "1-0"]
[ECO "D35"]
[WhiteElo "2291"]
[BlackElo "2173"]
[Annotator "ChessBase"]
[PlyCount "87"]
[EventDate "2022.01.02"]
[EventType "tourn"]
[EventCountry "IRL"]
[SourceTitle "playchess.com"]
[Source "ChessBase"]
[SourceQuality "1"]
[TimeControl "5400+30"]

1. d4 d5 2. Nf3 Nf6 3. c4 e6 4. Nc3 Nbd7 5. cxd5 exd5 6. Bf4 c6 7. e3 Be7 8. h3 O-O 9. Bd3 Re8 10. O-O Nf8 11. Qc2 Ng6 12. Bh2 Bd6 13. Bxd6 Qxd6 14. Rab1 Bd7 15. b4 Rac8 16. a4 b6 17. Rfc1 c5 18. bxc5 bxc5 19. Nb5 Bxb5 20. Bxb5 Nd7 21. Bxd7 Qxd7 22. dxc5 Ne7 23. Nd4 Nc6 24. Nb5 Re5 25. Nd6 Rc7 26. Rb2 a5 27. Rb6 g6 28. Rcb1 Nb4 29. Qc3 f6 30. Qd4 Kg7 31. Rb5 h5 32. Rd1 Qe6 33. Qd2 Nc6 34. Rdb1 Qg8 35. Rb7 Ree7 36. Rxc7 Rxc7 37. Rb6 Nb4 38. Qd4 Qe6 39. Nb5 Rc6 40. Rb7+ Kh6 41. Na7 Nc2 42. Qf4+ g5 43. Qb8 Kg6 44. Nxc6 1-0

[Event "Irish New Year-IM 2022"]
[Site "Dublin"]
[Date "2022.01.03"]
[Round "3.6"]
[White "Wafa, Shrook"]
[Black "Baker, Chris W"]
[Result "0-1"]
[ECO "C41"]
[WhiteElo "2173"]
[BlackElo "2227"]
[Annotator "ChessBase"]
[PlyCount "127"]
[EventDate "2022.01.02"]
[EventType "tourn"]
[EventCountry "IRL"]
[SourceTitle "playchess.com"]
[Source "ChessBase"]
[SourceQuality "1"]
[TimeControl "5400+30"]

1. e4 e5 2. Nf3 d6 3. d4 exd4 4. Nxd4 Nf6 5. Nc3 Be7 6. Be2 O-O 7. O-O a6 8. a4 c5 9. Nb3 Nc6 10. f4 Be6 11. Be3 Rc8 12. Bf3 Re8 13. Nd5 Bxd5 14. exd5 Na5 15. Nxa5 Qxa5 16. c4 Nd7 17. Bd2 Qc7 18. Bc3 Bf6 19. Qd3 Re7 20. Rfe1 Rce8 21. Rxe7 Rxe7 22. Kf2 Qd8 23. Re1 Rxe1 24. Kxe1 Bxc3+ 25. Qxc3 Qh4+ 26. Kf1 Qxf4 27. Qb3 Qc1+ 28. Kf2 Qd2+ 29. Be2 Ne5 30. h3 g6 31. Kf1 Kg7 32. a5 Qb4 33. Qxb4 cxb4 34. Kf2 Nd7 35. Ke3 f5 36. g4 Kf6 37. gxf5 gxf5 38. Kf4 Ne5 39. b3 Ng6+ 40. Ke3 Ke5 41. Bh5 f4+ 42. Kf2 Ke4 43. Bxg6+ hxg6 44. h4 Ke5 45. Ke2 Kf5 46. Kf3 g5 47. hxg5 Kxg5 48. Ke4 Kg4 49. c5 f3 50. c6 bxc6 51. dxc6 f2 52. c7 f1=Q 53. c8=Q+ Kg3 54. Qg8+ Kf2 55. Qf7+ Ke1 56. Qg8 Qe2+ 57. Kd5 Qd3+ 58. Kc6 Kd2 59. Qe6 Kc3 60. Kb6 d5 61. Kc5 Kxb3 62. Qb6 Qc4+ 63. Kd6 d4 64. Ke5 0-1

[Event "Irish New Year-IM 2022"]
[Site "Dublin"]
[Date "2022.01.03"]
[Round "3.7"]
[White "O`Donnell, Conor"]
[Black "Urh, Zala"]
[Result "1/2-1/2"]
[ECO "B33"]
[WhiteElo "2310"]
[BlackElo "2291"]
[Annotator "ChessBase"]
[PlyCount "23"]
[EventDate "2022.01.02"]
[EventType "tourn"]
[EventCountry "IRL"]
[SourceTitle "playchess.com"]
[Source "ChessBase"]
[SourceQuality "1"]
[TimeControl "5400+30"]

1. e4 c5 2. Nf3 Nc6 3. d4 cxd4 4. Nxd4 Nf6 5. Nc3 e5 6. Ndb5 d6 7. Bg5 a6 8. Na3 b5 9. Nd5 Be7 10. Bxf6 Bxf6 11. c3 Ne7 12. Nc2 1/2-1/2

[Event "Irish New Year-IM 2022"]
[Site "Dublin"]
[Date "2022.01.03"]
[Round "3.8"]
[White "Wall, Tim P"]
[Black "Daly, Colm"]
[Result "1-0"]
[ECO "C02"]
[WhiteElo "2256"]
[BlackElo "2285"]
[Annotator "ChessBase"]
[PlyCount "65"]
[EventDate "2022.01.02"]
[EventType "tourn"]
[EventCountry "IRL"]
[SourceTitle "playchess.com"]
[Source "ChessBase"]
[SourceQuality "1"]
[TimeControl "5400+30"]

1. d4 e6 2. e4 d5 3. e5 c5 4. c3 Ne7 5. Na3 Nec6 6. Nc2 Nd7 7. f4 cxd4 8. cxd4 h5 9. Nf3 Be7 10. Bd3 Nb6 11. O-O g6 12. Qe1 a5 13. a4 Bd7 14. b3 Kf8 15. Ba3 Kg7 16. Ng5 Nc8 17. Qg3 Qe8 18. f5 exf5 19. Bxf5 Bxf5 20. Rxf5 Bxg5 21. Qxg5 Nd8 22. Raf1 Ra6 23. Ne3 Qd7 24. Rf6 Rxf6 25. Rxf6 Rh7 26. Nf5+ Kh8 27. Qxg6 Ne6 28. Qg3 Qc6 29. Nh6 Qe8 30. Qf2 Ng5 31. Qf5 Rg7 32. h4 Ne4 33. Nxf7+ 1-0

[Event "Irish New Year-IM 2022"]
[Site "Dublin"]
[Date "2022.01.03"]
[Round "3.9"]
[White "Mannion, Stephen R"]
[Black "Melaugh, Shane"]
[Result "1-0"]
[ECO "C41"]
[WhiteElo "2267"]
[BlackElo "2192"]
[Annotator "ChessBase"]
[PlyCount "69"]
[EventDate "2022.01.02"]
[EventType "tourn"]
[EventCountry "IRL"]
[SourceTitle "playchess.com"]
[Source "ChessBase"]
[SourceQuality "1"]
[TimeControl "5400+30"]

1. e4 d6 2. d4 Nf6 3. Nc3 Nbd7 4. Nf3 e5 5. Bc4 Be7 6. O-O c6 7. a4 h6 8. a5 Qc7 9. Qe2 Nf8 10. d5 Ng6 11. Bb3 O-O 12. a6 bxa6 13. dxc6 Qxc6 14. Nd5 Bb7 15. Nh4 Qd7 16. Nxg6 Bxd5 17. Nxe7+ Qxe7 18. Bxd5 Nxd5 19. exd5 f5 20. Rxa6 f4 21. f3 Rf5 22. c4 Rh5 23. Qf2 Rf8 24. Rxa7 Qg5 25. b4 Qf5 26. c5 Qd3 27. cxd6 Qxd5 28. Qc5 Qd3 29. Ra3 Qg6 30. Qd5+ Kh8 31. Ra8 Rxa8 32. Qxa8+ Kh7 33. d7 Qb6+ 34. Kh1 Qb5 35. Rd1 1-0

[Event "Irish New Year-IM 2022"]
[Site "Dublin"]
[Date "2022.01.04"]
[Round "4.6"]
[White "Baker, Chris W"]
[Black "Carroll, Peter"]
[Result "1-0"]
[ECO "A14"]
[WhiteElo "2227"]
[BlackElo "2139"]
[Annotator "ChessBase"]
[PlyCount "81"]
[EventDate "2022.01.02"]
[EventType "tourn"]
[EventCountry "IRL"]
[SourceTitle "playchess.com"]
[Source "ChessBase"]
[SourceQuality "1"]
[TimeControl "5400+30"]

1. d4 Nf6 2. Nf3 e6 3. g3 b6 4. Bg2 Bb7 5. O-O Be7 6. b3 O-O 7. Bb2 c5 8. c4 d5 9. cxd5 Nxd5 10. dxc5 Bxc5 11. Nbd2 Nd7 12. Rc1 Rc8 13. a3 a5 14. Nc4 Qe7 15. Qd3 Rfd8 16. Qb1 Nb8 17. h4 h6 18. Qa1 Nf6 19. Bh3 Nc6 20. Kh2 b5 21. Ncd2 Bb6 22. Bxf6 gxf6 23. Ne4 Nd4 24. Rxc8 Bxc8 25. Nxd4 Bxd4 26. Qc1 Bb7 27. Bg2 Kg7 28. e3 Bb6 29. Qb2 Bd5 30. Rc1 Rd7 31. Rc8 Bb7 32. Nxf6 Bd4 33. Nh5+ Kg6 34. Qc2+ Kxh5 35. Bxb7 Rxb7 36. Qe2+ Kg6 37. Qg4+ Kf6 38. Qf4+ Kg7 39. Qxd4+ e5 40. Qg4+ Kf6 41. Rc6+ 1-0

[Event "Irish New Year-IM 2022"]
[Site "Dublin"]
[Date "2022.01.04"]
[Round "4.8"]
[White "Daly, Colm"]
[Black "Mannion, Stephen R"]
[Result "1-0"]
[ECO "A12"]
[WhiteElo "2285"]
[BlackElo "2267"]
[Annotator "ChessBase"]
[PlyCount "105"]
[EventDate "2022.01.02"]
[EventType "tourn"]
[EventCountry "IRL"]
[SourceTitle "playchess.com"]
[Source "ChessBase"]
[SourceQuality "1"]
[TimeControl "5400+30"]

1. Nf3 d5 2. g3 Nf6 3. Bg2 c6 4. O-O Bf5 5. b3 e6 6. Bb2 h6 7. c4 Be7 8. d3 O-O 9. Nbd2 Nbd7 10. a3 a5 11. Ra2 Bh7 12. Qa1 Re8 13. Ne5 Nxe5 14. Bxe5 Bd6 15. Rc1 Bxe5 16. Qxe5 Qb6 17. h3 c5 18. Qa1 d4 19. b4 axb4 20. Rb1 Ra4 21. axb4 Rxb4 22. Rab2 Rxb2 23. Rxb2 Qa6 24. Qxa6 bxa6 25. Rb6 Kf8 26. Bc6 Rc8 27. Nb3 Ke7 28. Rxa6 Nd7 29. Bxd7 Kxd7 30. Ra7+ Ke8 31. Ra5 Rb8 32. Nxc5 Rb2 33. Kf1 h5 34. f3 Bf5 35. g4 hxg4 36. hxg4 Bg6 37. Rb5 Rxb5 38. cxb5 Ke7 39. b6 Kd6 40. Kf2 e5 41. b7 Kc7 42. Nd7 Kxb7 43. Nxe5 Bh7 44. Nxf7 Kc7 45. f4 Bg8 46. Ne5 Kd6 47. Nf3 Kd5 48. Kg3 Be6 49. f5 Bd7 50. Kf4 Ba4 51. g5 Bd1 52. Ng1 Bb3 53. g6 1-0

[Event "Irish New Year-IM 2022"]
[Site "Dublin"]
[Date "2022.01.04"]
[Round "4.10"]
[White "Wafa, Shrook"]
[Black "O`Donnell, Conor"]
[Result "1/2-1/2"]
[ECO "C15"]
[WhiteElo "2173"]
[BlackElo "2310"]
[Annotator "ChessBase"]
[PlyCount "100"]
[EventDate "2022.01.02"]
[EventType "tourn"]
[EventCountry "IRL"]
[SourceTitle "playchess.com"]
[Source "ChessBase"]
[SourceQuality "1"]
[TimeControl "5400+30"]

1. e4 e6 2. d4 d5 3. Nc3 Bb4 4. Nge2 dxe4 5. a3 Bxc3+ 6. Nxc3 Nc6 7. Bb5 Nge7 8. Nxe4 O-O 9. Bxc6 Nxc6 10. c3 e5 11. d5 Ne7 12. c4 f5 13. Nc3 f4 14. Qe2 Nf5 15. O-O Qe7 16. Re1 Nd4 17. Qxe5 Qxe5 18. Rxe5 Nb3 19. Rb1 Bf5 20. Rxf5 Rxf5 21. f3 g5 22. Ne4 Re5 23. g3 Rxe4 24. fxe4 Re8 25. gxf4 Rxe4 26. fxg5 Re1+ 27. Kf2 Rxc1 28. Rxc1 Nxc1 29. Ke3 Nb3 30. h4 a5 31. h5 a4 32. Kd3 Nc5+ 33. Kc3 Ne4+ 34. Kb4 Nxg5 35. Kxa4 Kf7 36. Kb5 Ne4 37. c5 Kf6 38. a4 Ke5 39. d6 cxd6 40. c6 bxc6+ 41. Kxc6 Nc5 42. a5 Na6 43. Kb6 Nb4 44. a6 Nxa6 45. Kxa6 d5 46. b4 d4 47. b5 d3 48. b6 d2 49. b7 d1=Q 50. b8=Q+ Qd6+ 1/2-1/2

[Event "Irish New Year-IM 2022"]
[Site "Dublin"]
[Date "2022.01.05"]
[Round "7.6"]
[White "Wall, Tim P"]
[Black "Baker, Chris W"]
[Result "1/2-1/2"]
[ECO "C06"]
[WhiteElo "2256"]
[BlackElo "2227"]
[Annotator "ChessBase"]
[PlyCount "80"]
[EventDate "2022.01.02"]
[EventType "tourn"]
[EventCountry "IRL"]
[SourceTitle "playchess.com"]
[Source "ChessBase"]
[SourceQuality "1"]
[TimeControl "5400+30"]

1. e4 c5 2. Nf3 d6 3. c3 Nf6 4. Be2 e6 5. O-O Be7 6. Re1 O-O 7. Bf1 Nc6 8. d4 d5 9. e5 Ne4 10. Nbd2 f5 11. exf6 Nxf6 12. Bd3 cxd4 13. cxd4 Bd6 14. Nb3 Qc7 15. Qe2 Bd7 16. Ne5 Rae8 17. Bg5 Bc8 18. Rac1 a6 19. a3 Bxe5 20. dxe5 Ne4 21. Bxe4 dxe4 22. Qxe4 Rf5 23. Be3 Qxe5 24. Qc2 Rh5 25. h3 Qf5 26. Qe2 Qb5 27. Nc5 Qxe2 28. Rxe2 a5 29. Ne4 Rd5 30. Bc5 Red8 31. Rc3 e5 32. Rg3 Rd1+ 33. Kh2 Bf5 34. Nf6+ Kf7 35. Ng4 Bxg4 36. Rxg4 R8d2 37. Rge4 Kf6 38. f4 Rxe2 39. fxe5+ Nxe5 40. Rxe2 Nc4 1/2-1/2

[Event "Irish New Year-IM 2022"]
[Site "Dublin"]
[Date "2022.01.05"]
[Round "7.7"]
[White "Mannion, Stephen R"]
[Black "O`Donnell, Conor"]
[Result "1/2-1/2"]
[ECO "C07"]
[WhiteElo "2267"]
[BlackElo "2310"]
[Annotator "NA"]
[PlyCount "44"]
[EventDate "2022.01.02"]
[EventType "tourn"]
[EventCountry "IRL"]
[SourceTitle "playchess.com"]
[Source "ChessBase"]
[SourceQuality "1"]
[TimeControl "5400+30"]

1. e4 e6 2. d4 d5 3. Nd2 c5 4. exd5 Qxd5 5. dxc5 Qxc5 6. Ngf3 Nf6 7. Bd3 Be7 8. O-O O-O 9. Re1 Nbd7 10. Qe2 b6 11. Ne4 Qc7 12. Bg5 Bb7 13. Nxf6+ Nxf6 14. Ne5 $11 Rad8 15. Bh4 Ba8 16. Bg3 Qb7 17. Qf1 Nh5 18. Ba6 Qc7 19. Bd3 Nf6 20. Qe2 Qb7 21. f4 Rd4 22. c3 Rdd8 1/2-1/2

[Event "Irish New Year-IM 2022"]
[Site "Dublin"]
[Date "2022.01.05"]
[Round "7.9"]
[White "Carroll, Peter"]
[Black "Urh, Zala"]
[Result "0-1"]
[ECO "B10"]
[WhiteElo "2139"]
[BlackElo "2291"]
[Annotator "NA"]
[PlyCount "47"]
[EventDate "2022.01.02"]
[EventType "tourn"]
[EventCountry "IRL"]
[SourceTitle "playchess.com"]
[Source "ChessBase"]
[SourceQuality "1"]
[TimeControl "5400+30"]

1. e4 c6 2. Nf3 d5 3. d3 Bg4 4. Be2 e6 5. h3 Bh5 6. Nbd2 Nf6 7. O-O Be7 8. Re1 O-O 9. c3 c5 10. exd5 Nxd5 11. Ne4 Nc6 $11 12. d4 Bxf3 13. Bxf3 cxd4 14. cxd4 Bb4 15. Re2 Qb6 16. a3 Be7 17. Be3 Rfd8 18. Nc3 Nxe3 19. fxe3 Nxd4 20. exd4 Rxd4 21. Kh1 Rxd1+ 22. Rxd1 Rd8 23. Red2 Rxd2 24. Rxd2 0-1

[Event "Irish New Year-IM 2022"]
[Site "Dublin"]
[Date "2022.01.06"]
[Round "8.6"]
[White "Baker, Chris W"]
[Black "Daly, Colm"]
[Result "1-0"]
[ECO "A46"]
[WhiteElo "2227"]
[BlackElo "2285"]
[Annotator "ChessBase"]
[PlyCount "107"]
[EventDate "2022.01.02"]
[EventType "tourn"]
[EventCountry "IRL"]
[SourceTitle "playchess.com"]
[Source "ChessBase"]
[SourceQuality "1"]
[TimeControl "5400+30"]

1. d4 Nf6 2. Nf3 e6 3. g3 b5 4. Bg2 Bb7 5. O-O Be7 6. a4 a6 7. axb5 axb5 8. Rxa8 Bxa8 9. Qd3 b4 10. Bg5 O-O 11. Nbd2 d6 12. Ra1 Nbd7 13. Qa6 Bd5 14. Ne1 Bxg2 15. Kxg2 c5 16. Nd3 Qc7 17. dxc5 Nxc5 18. Qa7 Qc6+ 19. Nf3 Nxd3 20. cxd3 Re8 21. Rc1 Qa8 22. Qxa8 Rxa8 23. Rc7 Bf8 24. Rb7 d5 25. Ne5 h6 26. Be3 Rc8 27. Bd4 Ne8 28. Nxf7 Rc7 29. Nd8 Rxb7 30. Nxb7 Be7 31. Bc5 Kf7 32. d4 Nc7 33. Kf3 Nb5 34. Ke3 Bxc5 35. Nxc5 Na7 36. Kd3 Nc6 37. Nd7 Ke7 38. Ne5 Na5 39. Kc2 Kf6 40. e3 Kf5 41. Nd3 b3+ 42. Kc3 Ke4 43. Ne5 g5 44. g4 Nc4 45. Nxc4 dxc4 46. Kxc4 Kf3 47. Kxb3 Kxf2 48. e4 Kf3 49. d5 exd5 50. exd5 Kxg4 51. d6 Kh3 52. d7 Kxh2 53. d8=Q Kh3 54. Qf6 1-0

[Event "Irish New Year-IM 2022"]
[Site "Dublin"]
[Date "2022.01.06"]
[Round "8.7"]
[White "Urh, Zala"]
[Black "Melaugh, Shane"]
[Result "1-0"]
[ECO "A80"]
[WhiteElo "2291"]
[BlackElo "2192"]
[Annotator "ChessBase"]
[PlyCount "83"]
[EventDate "2022.01.02"]
[EventType "tourn"]
[EventCountry "IRL"]
[SourceTitle "playchess.com"]
[Source "ChessBase"]
[SourceQuality "1"]
[TimeControl "5400+30"]

1. d4 e6 2. Nf3 f5 3. Bf4 Nf6 4. e3 Be7 5. c4 O-O 6. h3 b6 7. g4 d5 8. Bd3 c6 9. Qc2 Ne4 10. Nc3 Bb7 11. O-O-O Nd7 12. Ne5 Nxe5 13. Bxe5 Bf6 14. Bh2 Qe7 15. f3 Nxc3 16. Qxc3 c5 17. Kb1 dxc4 18. Be2 cxd4 19. exd4 Rac8 20. gxf5 exf5 21. Bxc4+ Kh8 22. Rhe1 Qd7 23. Qb4 Bd5 24. Ba6 Rcd8 25. Rd3 f4 26. Bc4 Bxc4 27. Qxc4 Qxh3 28. Bg1 Rfe8 29. Red1 Re2 30. Rb3 Qg2 31. a4 h5 32. a5 bxa5 33. Qb5 Qg6+ 34. Ka1 Rg2 35. Qf1 a4 36. Rb5 a3 37. Rxh5+ Kg8 38. Qc4+ Kf8 39. Rh8+ Ke7 40. Qc7+ Ke6 41. Re1+ Kf5 42. Qc5+ 1-0

[Event "Irish New Year-IM 2022"]
[Site "Dublin"]
[Date "2022.01.06"]
[Round "8.10"]
[White "Wall, Tim P"]
[Black "Mannion, Stephen R"]
[Result "1/2-1/2"]
[ECO "D00"]
[WhiteElo "2256"]
[BlackElo "2267"]
[Annotator "ChessBase"]
[PlyCount "57"]
[EventDate "2022.01.02"]
[EventType "tourn"]
[EventCountry "IRL"]
[SourceTitle "playchess.com"]
[Source "ChessBase"]
[SourceQuality "1"]
[TimeControl "5400+30"]

1. d4 d5 2. Bg5 Nf6 3. Bxf6 exf6 4. e3 Bd6 5. Bd3 f5 6. Nd2 Be6 7. Ne2 Nd7 8. c4 dxc4 9. Bxc4 Bxc4 10. Nxc4 Bb4+ 11. Nc3 g6 12. Qb3 Qe7 13. O-O Bxc3 14. bxc3 b6 15. a4 a5 16. f3 O-O 17. Rae1 Nf6 18. e4 f4 19. Ne5 Qe6 20. Qb5 h6 21. Nc6 Rfe8 22. d5 Qd7 23. c4 Nh5 24. e5 Ng7 25. Re4 g5 26. Rfe1 Kh8 27. Qb2 Kg8 28. Qb5 Kh8 29. Qb2 1/2-1/2

[Event "Irish New Year-IM 2022"]
[Site "Dublin"]
[Date "2022.01.06"]
[Round "9.9"]
[White "Melaugh, Shane"]
[Black "Wafa, Shrook"]
[Result "0-1"]
[ECO "A28"]
[WhiteElo "2192"]
[BlackElo "2173"]
[Annotator "NA"]
[PlyCount "66"]
[EventDate "2022.01.02"]
[EventType "tourn"]
[EventCountry "IRL"]
[SourceTitle "playchess.com"]
[Source "ChessBase"]
[SourceQuality "1"]
[TimeControl "5400+30"]

1. c4 e5 2. Nc3 Nf6 3. Nf3 Nc6 4. e4 d6 5. d4 exd4 6. Nxd4 Nxd4 {[%emt 0:00:37] 6...g6 is setting a new trend.} 7. Qxd4 Be7 8. f3 O-O 9. Be3 Be6 10. Be2 Nd7 11. O-O f5 {[%emt 0:01:26] [#]} 12. Qd2 $146 ({Predecessor:} 12. exf5 $14 Bxf5 (12... Rxf5 13. Bd3 Rf7 14. Nd5 Bxd5 15. Qxd5 Ne5 16. Bc2 c6 17. Qe4 Ng6 18. Rad1 {1-0 (32) Rieger,R (2236)-Hicker,H (2061) Lienz 2015}) 13. Rad1) 12... fxe4 13. fxe4 Bf6 14. Rac1 Qe7 15. b3 b6 16. Bd3 Ne5 17. h3 Nxd3 18. Qxd3 Bxc3 19. Qxc3 Bd7 20. Rfe1 Rae8 ({Don't do} 20... Qxe4 21. Bxb6 Qf5 22. Bd4 $14 (22. Re7 Qg5 $14)) 21. Rcd1 $17 (21. Bd4 $11) 21... Bc6 22. Bd4 Rf4 23. Qg3 Rxe4 24. Rxe4 Bxe4 25. Re1 Qf7 26. h4 h5 27. Re3 Re6 28. Qg5 Rg6 29. Qd8+ Kh7 30. g3 Qf4 31. Qe7 Rxg3+ 32. Rxg3 Qxg3+ 33. Kf1 Bd3+ 0-1

[Event "Irish New Year-IM 2022"]
[Site "Dublin"]
[Date "2022.01.06"]
[Round "9.10"]
[White "Daly, Colm"]
[Black "Urh, Zala"]
[Result "1-0"]
[ECO "A13"]
[WhiteElo "2285"]
[BlackElo "2291"]
[Annotator "RC"]
[PlyCount "149"]
[EventDate "2022.01.02"]
[EventType "tourn"]
[EventCountry "IRL"]
[SourceTitle "playchess.com"]
[Source "ChessBase"]
[SourceQuality "1"]
[TimeControl "5400+30"]

1. Nf3 Nf6 2. c4 e6 3. b3 d5 4. Bb2 c5 5. e3 Nc6 6. cxd5 exd5 7. Bb5 Bd6 8. d4 cxd4 9. Nxd4 O-O 10. Nd2 Ne5 11. O-O Bg4 12. Be2 Bd7 13. N4f3 Ng6 14. Nc4 Bc7 15. Nce5 Nxe5 16. Bxe5 Bxe5 17. Nxe5 Bf5 18. Qd4 Re8 19. Rfd1 Qd6 20. Nf3 a6 21. Rac1 Qa3 22. Qa1 Rac8 23. Nd4 Be4 24. h3 h6 25. Bg4 Nxg4 26. hxg4 Qe7 27. Rxc8 Rxc8 28. Rc1 Re8 29. Rc3 Qh4 30. Qd1 h5 31. f3 Bg6 32. gxh5 Qxh5 33. Qc1 Re5 34. Qd2 Qh6 35. g4 Re8 36. Qh2 Qg5 37. Kf2 b5 38. a3 Qe7 39. b4 a5 40. bxa5 b4 41. axb4 Qxb4 42. Qc7 Qb2+ 43. Kg3 Qb1 44. Rc1 Qd3 45. Qc3 Qa6 46. Qc6 Ra8 47. Qxa6 Rxa6 48. Rc8+ Kh7 49. Rc5 Bd3 50. Rxd5 g6 51. g5 Kg7 52. Kf4 Kf8 53. Re5 Bc4 54. Nc2 f6 55. Rc5 Be2 56. Nd4 Bd3 57. e4 fxg5+ 58. Kxg5 Ke7 59. Kf4 Bf1 60. Ke5 Kd7 61. Nc2 Re6+ 62. Kd4 Rf6 63. Ke3 Bg2 64. Nd4 Bf1 65. e5 Ra6 66. Ke4 Bg2 67. Kd5 Bh3 68. Rb5 Bg2 69. e6+ Ke8 70. Ke5 Bf1 71. Rc5 Ra8 72. Kf6 Bd3 73. f4 Rb8 74. Rc7 Ra8 75. Rh7 1-0